 Dungeon Crawl Stone Soup version 0.21-a0-157-gb89e0e2 (webtiles) character file.

55 namelastname112 the Skirmisher (level 3, -4/30 HPs)
             Began as a Draconian Wanderer on Aug 4, 2017.
             Slain by a worm (10 damage)
             ... on level 2 of the Dungeon.
             The game lasted 00:02:40 (1132 turns).

namelastname112 the Skirmisher (Draconian Wanderer) Turns: 1132, Time: 00:02:40

Health: -4/30      AC:  5    Str: 13    XL:     3   Next: 67%
Magic:  4/4        EV: 10    Int: 14    God:
Gold:   67         SH:  0    Dex: 10    Spells: 4/4 levels left

rFire    . . .     SeeInvis .   a - +2 dagger
rCold    . . .     Gourm    .   (no shield)
rNeg     . . .     Faith    .   (armour unavailable)
rPois    .         Spirit   .   (helmet restricted)
rElec    .         Reflect  .   (no cloak)
rCorr    .         Harm     .   (no gloves)
MR       .....                  (no boots)
Stlth    ++........             (no amulet)
HPRegen  0.10/turn              m - -2 ring of evasion (curse)
MPRegen  0.09/turn              (no ring)

@: no status effects
A: unfitting armour, cold-blooded, AC +5
a: no special abilities


You were on level 2 of the Dungeon.
You were hungry.

You visited 1 branch of the dungeon, and saw 2 of its levels.

You collected 67 gold pieces.

Inventory:

Hand Weapons
 a - a +2 dagger (weapon)
 c - a +0 quarterstaff
Jewellery
 h - an uncursed ring of ice
 m - a cursed -2 ring of evasion (left hand)
Scrolls
 d - a scroll of teleportation
 e - a scroll of noise {unknown}
 i - 2 scrolls of remove curse {unknown}
 j - 2 scrolls of fear {unknown}
 o - a scroll of recharging {unknown}
 r - a scroll of amnesia {unknown}
Potions
 b - a potion of haste
 k - a potion of berserk rage {unknown}
 l - a potion of might {unknown}
 n - a potion of resistance {unknown}
 p - a potion of brilliance {unknown}
 q - a potion of lignification {unknown}
 s - a potion of heal wounds {unknown}
 u - a potion of degeneration {unknown}
Comestibles
 f - 3 bread rations
 g - 4 royal jellies
 t - a meat ration


   Skills:
 + Level 2.9 Fighting
 - Level 1.0 Staves
 + Level 2.3 Dodging
 - Level 2.6 Stealth
   Level 1.0 Shields
 - Level 1.0 Spellcasting
   Level 1.0 Necromancy
   Level 1.0 Translocations


You had 4 spell levels left.
You didn't know any spells.

Dungeon Overview and Level Annotations

Branches:
Dungeon (2/15)

Altars:


Innate Abilities, Weirdness & Mutations

Your plain brown scales are hard. (AC +5)
You cannot fit into any form of body armour.
You are cold-blooded and may be slowed by cold attacks.


Message History

The worm is severely wounded.
You hit the worm but do no damage.
The worm is severely wounded.
The worm closely misses you.
You hit the worm but do no damage.
The worm is severely wounded.
You barely miss the worm.
The worm is severely wounded.
The worm bites you.
* * * LOW HITPOINT WARNING * * *
You take 5 damage, and have 6/30 hp.
You barely miss the worm.
The worm is severely wounded.
The worm barely misses you.
You barely miss the worm.
Your tail-slap misses the worm.
The worm is severely wounded.
You barely miss the worm. You tail-slap the worm.
The worm is severely wounded.
The worm bites you!
You die...

####....# #........##.##..#
####....# #.#####..##.##..##
†.......# #.# #..........# ##
#####...# #.# #.#######.## #.
#)..# ###.# #.### ### #. #...#
#...#####...######## #.
#####...###.#.......#.##.....# #.
.................w....##.....# #.
................@#...........###.
.................###..##.....##..
#####...###.###..###..##.....##.#
#...# #...........#########.#
#...# ##########(##########.#
#...# #............# #...#######
#.####..####.# #.........#
#.####..####.. ## #...#####.#
#.........[#.#


You could see a worm.

Vanquished Creatures
  2 adders
  4 leopard geckos
  2 hobgoblins
  2 jackals (D:2)
  A quokka (D:2)
  4 bats
  2 frilled lizards
  8 goblins
  4 kobolds
  4 rats
33 creatures vanquished.

Notes
Turn   | Place    | Note
-------+----------+-------------------------------------------
     0 | D:1      | namelastname112 the Draconian Wanderer began the quest for the Orb.
     0 | D:1      | namelastname112 set off with: a +2 dagger, a potion of haste, a +0 quarterstaff, a scroll of teleportation, a bread ration
     0 | D:1      | Reached XP level 1. HP: 16/16 MP: 2/2
   197 | D:1      | Reached XP level 2. HP: 20/24 MP: 3/3
   503 | D:1      | Reached XP level 3. HP: 12/30 MP: 4/4
  1132 | D:2      | Slain by a worm

Vault maps used:
D:1:      minmay_arrival_radiant_lines

Skill      XL: |  1  2  3 |
---------------+----------+-----
Fighting       | 2 |  2.9
Dodging        | 2 |  2.3
Staves         | |  1.0
Stealth        | |  2.6
Shields        | |  1.0
Spellcasting   | |  1.0
Necromancy     | |  1.0
Translocations | |  1.0

Action                   || total
-------------------------++-------
Melee: Dagger            ||   115
       Tailslap          ||    10
 Stab: Sleeping          ||     6
Armor: Skin              ||    46
Dodge: Dodged            ||    76
